 Dungeon Crawl Stone Soup version 0.29-a0-817-g9904bce7a6 (webtiles) character file.

Game seed: 12140011215613047576

842 wilfster70 the Thaumaturge (level 8, -11/58 HPs)
             Began as a Gnoll Wanderer on July 5, 2022.
             Was an Initiate of Ashenzari.
             Mangled by an ogre
             ... wielding a +0 giant spiked club
              (21 damage)
             ... on level 5 of the Dungeon.
             The game lasted 00:14:36 (6170 turns).

wilfster70 the Thaumaturge (Gnoll Wanderer)         Turns: 6170, Time: 00:14:37

Health: -11/58     AC: 12    Str:  9    XL:     8   Next: 0%
Magic:  18/23      EV: 13    Int: 14    God:    Ashenzari [......]
Gold:   192        SH:  0    Dex: 14    Spells: 23/30 levels left

rFire   . . .      SeeInvis .   a - +2 dagger (speed)
rCold   . . .      Faith    .   (no shield)
rNeg    . . .      Spirit   .   v - +0 robe {Will+}
rPois   .          Reflect  .   (no helmet)
rElec   .          Harm     .   s - +1 cloak
rCorr   .          Rampage  .   (no gloves)
Will    +....                   (no boots)
Stlth   ++........              (no amulet)
HPRegen 0.19/turn               i - +4 ring of protection
MPRegen 0.18/turn               q - +4 ring of protection

@: no status effects
A: fangs 1, strong nose, distributed training
a: Renounce Religion


You were on level 5 of the Dungeon.
You worshipped Ashenzari.
Ashenzari was noncommittal.
You visited 1 branch of the dungeon, and saw 5 of its levels.

You collected 263 gold pieces.
You spent 71 gold pieces at shops.

Inventory:

Hand Weapons
 a - a +2 dagger of speed (weapon)
 b - a +0 morningstar
 r - the +9 whip of Curchaxoff {freeze, rC- Str+4}
   (You took it off an orc wizard on level 5 of the Dungeon)

   It freezes those it strikes, dealing additional cold damage.
   It can also slow down cold-blooded creatures.
   Str:       It affects your strength (+4).
   rC:        It makes you vulnerable to cold.
Armour
 s - a +1 cloak (worn)
 v - a +0 robe of willpower (worn)
Magical Staves
 k - a staff of conjuration
Jewellery
 i - a +4 ring of protection (left hand)
 n - a ring of flight
 q - a +4 ring of protection (right hand)
Wands
 o - a wand of light (2)
 t - a wand of iceblast (8)
Scrolls
 l - 2 scrolls of fog
Potions
 d - 5 potions of curing
 e - 2 potions of flight
 f - 2 potions of magic {unknown}
 g - a potion of brilliance {unknown}
 h - 2 potions of mutation
 j - a potion of attraction {unknown}
 m - a potion of invisibility {unknown}
 p - 2 potions of resistance
 u - a potion of lignification {unknown}


   Skills:
 + Level 3.0 Fighting
 + Level 3.0 Short Blades
 + Level 3.0 Long Blades
 + Level 3.0 Axes
 + Level 3.0 Maces & Flails
 + Level 3.0 Polearms
 + Level 3.0 Staves
 + Level 3.0 Ranged Weapons
 + Level 3.0 Throwing
 + Level 4.0 Armour
 + Level 4.0 Dodging
 + Level 3.8 Stealth
 + Level 3.0 Shields
 + Level 4.0 Unarmed Combat
 + Level 11.7 Spellcasting
 + Level 2.4 Conjurations
 + Level 2.4 Hexes
 + Level 2.4 Summonings
 + Level 2.4 Necromancy
 + Level 2.4 Translocations
 + Level 2.4 Transmutations
 + Level 2.4 Fire Magic
 + Level 2.4 Ice Magic
 + Level 2.4 Air Magic
 + Level 2.4 Earth Magic
 + Level 2.4 Poison Magic
 + Level 3.2 Invocations
 + Level 3.0 Evocations


You had 23 spell levels left.
You knew the following spells:

 Your Spells              Type           Power      Damage    Failure   Level
a - Sandblast             Erth           28%        2d8       3%          1
b - Searing Ray           Conj           28%        2d5       4%          2
c - Summon Lightning Spi  Summ/Air       14%        N/A       32%         4

Your spell library contained the following spells:

 Spells                   Type           Power      Damage    Failure   Level
 Summon Small Mammal      Summ           56%        N/A       3%          1
 Gell's Gravitas          Tloc           14%        N/A       10%         3
 Teleport Other           Tloc           14%        N/A       10%         3
 Tukima's Dance           Hex            14%        N/A       10%         3
 Airstrike                Air            7%         0-3+      32%         4
 Lightning Bolt           Conj/Air       7%         1d19      65%         5
 Dispersal                Tloc           7%         N/A       99%         6


Dungeon Overview and Level Annotations

Branches:
Dungeon (5/15)
 Temple: D:4-7

Altars:
Ashenzari
Kikubaaqudgha
Trog

Shops:
D:3 =!*


Innate Abilities, Weirdness & Mutations

You have very sharp teeth.
Your uncanny sense of smell can sniff out nearby items.
Your experience applies equally to all skills.


Message History

Press: ? - help, Shift-Dir - straight line, f - ogre
Aim: an ogre, wielding a +0 giant spiked club (89% to hit)
The searing ray hits the ogre.
The ogre is lightly wounded. (Press . to maintain the ray.)
Casting: Searing Ray (safe; 4% risk of failure)
Confirm with . or Enter, or press ? or * to list all spells.
Aiming: Sandblast (safe; 3% risk of failure)
Press: ? - help, Shift-Dir - straight line, f/p - ogre
Aim: an ogre, wielding a +0 giant spiked club (lightly wounded, 90% to hit)
The blast of sand hits the ogre.
The ogre is moderately wounded.
The ogre closely misses you.
Casting: Sandblast (safe; 3% risk of failure)
Confirm with . or Enter, or press ? or * to list all spells.
Aiming: Sandblast (safe; 3% risk of failure)
Press: ? - help, Shift-Dir - straight line, f/p - ogre
Aim: an ogre, wielding a +0 giant spiked club (moderately wounded, 90% to hit)
The blast of sand hits the ogre.
The ogre is heavily wounded.
The ogre hits you with a +0 giant spiked club!!
The ogre closely misses you.
Casting: Sandblast (safe; 3% risk of failure)
Confirm with . or Enter, or press ? or * to list all spells.
Aiming: Sandblast (safe; 3% risk of failure)
Press: ? - help, Shift-Dir - straight line, f/p - ogre
Aim: an ogre, wielding a +0 giant spiked club (heavily wounded, 90% to hit)
The blast of sand hits the ogre.
The ogre is severely wounded.
The ogre hits you with a +0 giant spiked club!!
* * * LOW HITPOINT WARNING * * *
Casting: Sandblast (safe; 3% risk of failure)
Confirm with . or Enter, or press ? or * to list all spells.
Aiming: Sandblast (safe; 3% risk of failure)
Press: ? - help, Shift-Dir - straight line, f/p - ogre
Aim: an ogre, wielding a +0 giant spiked club (severely wounded, 90% to hit)
The blast of sand hits the ogre!
The ogre is almost dead.
The ogre hits you with a +0 giant spiked club!!
You die...

##
###########.#
#..........# ##
#.#######.##
##... #.# #..##
#... #.#
#..@###.. ∆ #.#
#..#O#.# ♣♣♣♣♣♣
#.# #..##.#
.....§ #.#
#.............#
.≈≈≈§≈ #.#
#.#..##.##.#...
≈§§≈≈§ #.#
#.#..#... #
§.≈...
##.###.#......
≈.≈._.
#...........<.#
≈§≈..§
#..#...........
≈.)≈≈≈


You could see an ogre.

Vanquished Creatures
  Grinder (D:5)
  A black bear (D:4)
  A bullfrog (D:5)
  2 scorpions (D:5)
  A howler monkey (D:5)
  Natasha (thrice) (D:3)
  An orc wizard (D:5)
  6 gnolls
  7 adders
  A worm (D:4)
  A dart slug (D:2)
  17 orcs
  4 bats
  2 endoplasms
  8 giant cockroaches
  7 goblins
  8 hobgoblins
  4 jackals (D:1)
  6 kobolds
  2 quokkas
  3 ball pythons (D:2)
  4 frilled lizards
  7 rats
97 creatures vanquished.

Notes
Turn   | Place    | Note
-------+----------+-------------------------------------------
     0 | D:1      | Reached skill level 11 in Spellcasting
     0 | D:1      | wilfster70 the Gnoll Wanderer began the quest for the Orb.
     0 | D:1      | wilfster70 set off with the following items: a +0 dagger, a
                  | +0 cloak, a +0 robe, 2 potions of curing; and the following
                  | spells available to memorise: Sandblast, Summon Small
                  | Mammal, Searing Ray, Tukima's Dance.
     0 | D:1      | Reached XP level 1. HP: 13/13 MP: 12/12
    34 | D:1      | Learned a level 1 spell: Sandblast
   510 | D:1      | Found a faded altar of an unknown god.
   632 | D:1      | Reached XP level 2. HP: 19/19 MP: 11/14
  1379 | D:2      | Reached XP level 3. HP: 23/25 MP: 11/15
  1383 | D:2      | Learned a level 2 spell: Searing Ray
  1452 | D:2      | Reached skill level 1 in Invocations
  1805 | D:2      | Reached skill level 1 in Fighting
  1805 | D:2      | Reached skill level 1 in Short Blades
  1805 | D:2      | Reached skill level 1 in Long Blades
  1805 | D:2      | Reached skill level 1 in Axes
  1805 | D:2      | Reached skill level 1 in Maces & Flails
  1805 | D:2      | Reached skill level 1 in Polearms
  1805 | D:2      | Reached skill level 1 in Staves
  1805 | D:2      | Reached skill level 1 in Ranged Weapons
  1805 | D:2      | Reached skill level 1 in Throwing
  1805 | D:2      | Reached skill level 1 in Shields
  1805 | D:2      | Reached skill level 1 in Evocations
  1952 | D:2      | Reached XP level 4. HP: 32/32 MP: 14/17
  2079 | D:3      | Found Vianan's Jewellery Shop.
  2316 | D:3      | Noticed Natasha
  2335 | D:3      | Killed Natasha
  2336 | D:3      | Reached skill level 1 in Conjurations
  2336 | D:3      | Reached skill level 1 in Hexes
  2336 | D:3      | Reached skill level 1 in Summonings
  2336 | D:3      | Reached skill level 1 in Necromancy
  2336 | D:3      | Reached skill level 1 in Translocations
  2336 | D:3      | Reached skill level 1 in Transmutations
  2336 | D:3      | Reached skill level 1 in Fire Magic
  2336 | D:3      | Reached skill level 1 in Ice Magic
  2336 | D:3      | Reached skill level 1 in Air Magic
  2336 | D:3      | Reached skill level 1 in Earth Magic
  2336 | D:3      | Reached skill level 1 in Poison Magic
  2557 | D:3      | Reached XP level 5. HP: 33/37 MP: 10/18
  2691 | D:3      | Found Bezifon's Distillery.
  2705 | D:3      | Bought a potion of degeneration for 13 gold pieces
  2731 | D:3      | Noticed Natasha
  2754 | D:3      | Killed Natasha
  2801 | D:3      | Noticed Natasha
  2833 | D:3      | Killed Natasha
  3039 | D:3      | Found a bloodstained altar of Trog.
  3221 | D:3      | Found Inijusar's Assorted Antiques.
  3227 | D:3      | Bought a scroll labelled DEWATUICECS for 29 gold pieces
  3227 | D:3      | Bought a scroll labelled SESYFOPTAENY for 29 gold pieces
  4112 | D:4      | Noticed a black bear
  4443 | D:4      | Reached XP level 6. HP: 32/44 MP: 8/20
  4448 | D:4      | Killed a black bear
  4808 | D:5      | Entered Level 5 of the Dungeon
  5097 | D:5      | Found a broken altar of Ashenzari.
  5101 | D:5      | Became a worshipper of Ashenzari the Shackled
  5164 | D:5      | Reached XP level 7. HP: 34/51 MP: 17/22
  5336 | D:5      | Learned a level 4 spell: Summon Lightning Spire
  5761 | D:5      | Noticed Grinder
  5775 | D:5      | Killed Grinder
  5824 | D:5      | Identified the +9 whip of Curchaxoff {freeze, rC- Str+4}
  5984 | D:5      | Found an ancient bone altar of Kikubaaqudgha.
  6067 | D:5      | Reached XP level 8. HP: 58/58 MP: 19/23
  6170 | D:5      | Mangled by an ogre

Illustrated notes

Levels and vault maps discovered:
D:1:      nzn_arrival_settlement, layout_basic, chequers_ecumenical_altar_twisty
D:2:      layout_loops_ring
D:3:      layout_basic, lightli_temple_of_fire, serial_shops, shop_statue,
          nicolae_lakefront_shop, nicolae_shop_window_shopping, uniq_natasha
D:4:      layout_loops_ring
D:5:      layout_loops_ring, mainiacjoe_overflow_paths, marbit_many_paths,
          uniq_grinder

Skill      XL: |  1  2  3  4  5  6  7 |
---------------+----------------------+-----
Spellcasting   | | 11.7
Invocations    | 1 2 3 |  3.2
Fighting       | 1 2 3 |  3.0
Short Blades   | 1 2 3 |  3.0
Long Blades    | 1 2 3 |  3.0
Axes           | 1 2 3 |  3.0
Maces & Flails | 1 2 3 |  3.0
Polearms       | 1 2 3 |  3.0
Staves         | 1 2 3 |  3.0
Ranged Weapons | 1 2 3 |  3.0
Throwing       | 1 2 3 |  3.0
Shields        | 1 2 3 |  3.0
Evocations     | 1 2 3 |  3.0
Conjurations   | 1 2 |  2.4
Hexes          | 1 2 |  2.4
Summonings     | 1 2 |  2.4
Necromancy     | 1 2 |  2.4
Translocations | 1 2 |  2.4
Transmutations | 1 2 |  2.4
Fire Magic     | 1 2 |  2.4
Ice Magic      | 1 2 |  2.4
Air Magic      | 1 2 |  2.4
Earth Magic    | 1 2 |  2.4
Poison Magic   | 1 2 |  2.4
Armour         | 3 4 |  4.0
Dodging        | 3 4 |  4.0
Unarmed Combat | 3 4 |  4.0
Stealth        | 3 |  3.8

Action                   |  1- 3 |  4- 6 |  7- 9 || total
-------------------------+-------+-------+-------++-------
Melee: Dagger            |    15 |    13 |       ||    28
       Bite              |     1 |     3 |       ||     4
       Punch             |       |     2 |       ||     2
       Morningstar       |       |     4 |       ||     4
 Cast: Sandblast         |    29 |    44 |    11 ||    84
       Searing Ray       |     9 |    36 |    19 ||    64
Evoke: Wand              |       |       |     3 ||     3
  Use: Scroll            |     4 |     8 |       ||    12
 Stab: Sleeping          |     2 |       |       ||     2
Armor: Robe              |    16 |    25 |    23 ||    64
Dodge: Dodged            |    37 |    72 |    20 ||   129

Table legend: (Time is in decaauts)
 A = Elapsed time spent in this place.
 B = Non-inter-level travel time spent in this place.
 C = Inter-level travel time spent in this place.
 D = Time resting spent in this place.
 E = Time spent auto-exploring this place.
 F = Levels seen in this place.
 G = Mean time per level.
                   A        B        C        D        E       F      G
               +--------+--------+--------+--------+--------+-----+--------+
         Total |   6252 |   6159 |     93 |   1961 |   2658 |   5 | 1250.4 |
       Dungeon |   6252 |   6159 |     93 |   1961 |   2658 |   5 | 1250.4 |
               +--------+--------+--------+--------+--------+-----+--------+

Top non-repeatable levels by time:
     D:3: 1880 daAuts
     D:5: 1375 daAuts
     D:1: 1164 daAuts
     D:4: 940 daAuts
     D:2: 891 daAuts
